 Dungeon Crawl Stone Soup version 0.22.0-18-ge075c0de6d (webtiles) character file.

641 Jupotter the Skirmisher (level 7, 0/62 HPs)
             Began as a Minotaur Monk on Aug 19, 2018.
             Slain by a troll (12 damage)
             ... on level 4 of the Dungeon.
             The game lasted 00:14:48 (4658 turns).

Jupotter the Skirmisher (Minotaur Monk)             Turns: 4658, Time: 00:14:49

Health: 0/62       AC:  3    Str: 16    XL:     7   Next: 26%
Magic:  6/6        EV: 15    Int:  8    God:
Gold:   186        SH:  0    Dex: 19    Spells: 6/6 levels left

rFire    + . .     SeeInvis .   a - +0 mace
rCold    x . .     Gourm    .   (no shield)
rNeg     . . .     Faith    .   o - +0 leather armour
rPois    .         Spirit   .   (helmet restricted)
rElec    .         Reflect  .   (no cloak)
rCorr    .         Harm     .   (no gloves)
MR       .....                  (no boots)
Stlth    ++........             h - amulet of the acrobat
HPRegen  0.20/turn              p - +6 ring of dexterity
MPRegen  0.10/turn              d - ring of fire {rF+, rC-}

@: no status effects
A: retaliatory headbutt, horns 2
a: no special abilities


You were on level 4 of the Dungeon.
You were hungry.

You visited 1 branch of the dungeon, and saw 5 of its levels.

You collected 186 gold pieces.

Inventory:

Hand Weapons
 a - a +0 mace (weapon)
 b - a +0 blowgun
Missiles
 v - 40 poisoned needles
Armour
 j - a -1 ring mail
 o - a +0 leather armour (worn)
 y - a +0 robe
Jewellery
 d - a ring of fire (right hand) {rF+, rC-}
 h - an amulet of the acrobat (around neck)
 n - an uncursed ring of wizardry {Wiz+, !d}
 p - a +6 ring of dexterity (left hand)
Wands
 t - a wand of digging (13)
Scrolls
 k - 3 scrolls of enchant armour {unknown}
 l - a scroll of fog {unknown}
 r - a scroll of random uselessness {unknown}
 s - 2 scrolls of fear {unknown}
 u - 2 scrolls of enchant weapon {unknown}
 w - 4 scrolls of teleportation {unknown}
 A - a scroll of blinking {unknown}
 C - 3 scrolls of remove curse
Potions
 e - a potion of berserk rage {unknown}
 f - 2 potions of lignification {!q}
 g - a potion of heal wounds
 i - a potion of brilliance {unknown}
 m - a potion of curing {unknown}
 q - 2 potions of agility
 B - a potion of flight {unknown}
 D - a potion of mutation {unknown}
Comestibles
 c - 6 rations


   Skills:
 * Level 5.9 Fighting
 * Level 5.9 Maces & Flails
 + Level 2.6 Armour
 * Level 5.4 Dodging
 + Level 3.2 Stealth


You had 6 spell levels left.
You didn't know any spells.
Your spell library contained the following spells:

 Spells                   Type           Power        Failure   Level  Hunger
 Sandblast                Erth           #.....       45%         1    ##.....
 Passwall                 Tmut/Erth      #.......     61%         2    ###....
 Stone Arrow              Conj/Erth      #.....       83%         3    ####...
 Petrify                  Tmut/Erth      #.......     99%         4    #####..
 Lee's Rapid Deconstruct  Erth           #.........   100%        5    ######.


Dungeon Overview and Level Annotations

Branches:
Dungeon (5/15)
 Temple: D:4-7

Altars:
Hepliaklqana
Makhleb
Qazlal
Sif Muna
Xom

Annotations:
D:2 Terence


Innate Abilities, Weirdness & Mutations

You reflexively headbutt those who attack you in melee.
You have a pair of horns on your head.


Message History

The troll barely misses you.
Okay, then.
You closely miss the troll. Your headbutt misses the troll.
The troll is lightly wounded.
The troll misses you. You furiously retaliate!
You headbutt the troll, but do no damage.
The troll claws you. x2
You hit the troll.
The troll is moderately wounded.
The troll bites you. The troll claws you! The troll barely misses you.
You closely miss the troll.
The troll is moderately wounded.
The troll bites you. The troll barely misses you.
The troll claws you but does no damage.
You closely miss the troll.
The troll is moderately wounded.
The troll bites you!
* * * LOW HITPOINT WARNING * * *
The troll closely misses you. The troll claws you!
You die...

.P..P♣.....§§♣....#####.#
.P.♣..P♣P..♣§♣..### #.#
♣♣♣♣♣..♣♣♣♣♣♣P..## ###
♣......P♣.P♣.....##
♣.♣P.8..♣.♣♣P.....#####
.♣P....P.♣..P.......#.#
..♣8.⌠.8P.♣.♣♣........####
♣.♣P....♣.♣.♣♣...........#
♣..♣.8..♣P..♣...@T....####
♣.♣.P...♣.♣♣.♣.....#.##
.P♣♣P♣.♣.♣♣P.##...##.#
..♣..♣P.P.♣♣.##...##.##
....P.♣♣..............##
.P♣......P♣.P.....####.#
♣P.....P♣P♣P.♣....# ###
§♣.♣♣.♣♣.♣♣P♣♣#...#
♣♣.....♣♣♣♣♣♣ ##..#


You could see a troll.

Vanquished Creatures
  An ice beast (D:5)
  A phantom (D:4)
  Blork the orc (D:4)
  A centaur zombie (D:5)
  An orc priest (D:3)
  3 hounds
  An orc wizard (D:3)
  A bullfrog skeleton (D:5)
  2 gnolls (D:4)
  5 adders
  An ooze (D:1)
  5 dart slugs
  2 leopard geckos (D:1)
  8 orcs
  6 giant cockroaches
  8 goblins
  7 hobgoblins
  8 jackals
  11 kobolds
  4 quokkas (D:4)
  2 ball pythons (D:1)
  7 bats
  7 frilled lizards
  4 rats
97 creatures vanquished.

Notes
Turn   | Place    | Note
-------+----------+-------------------------------------------
     0 | D:1      | Jupotter the Minotaur Monk began the quest for the Orb.
     0 | D:1      | Reached XP level 1. HP: 19/19 MP: 0/0
    77 | D:1      | Reached XP level 2. HP: 25/27 MP: 1/1
   540 | D:1      | Reached XP level 3. HP: 31/33 MP: 2/2
  1267 | D:2      | Noticed Terence
  1599 | D:2      | Found a hazy altar of Hepliaklqana.
  1599 | D:2      | Found a deep blue altar of Sif Muna.
  1600 | D:2      | Found a stormy altar of Qazlal.
  1714 | D:2      | Reached XP level 4. HP: 40/40 MP: 3/3
  1954 | D:3      | Reached skill level 1 in Armour
  2082 | D:3      | Found a burning altar of Makhleb.
  2297 | D:3      | Reached XP level 5. HP: 46/47 MP: 4/4
  3013 | D:4      | Reached skill level 5 in Fighting
  3071 | D:4      | Noticed Blork the orc
  3087 | D:4      | Killed Blork the orc
  3087 | D:4      | Reached skill level 5 in Maces & Flails
  3087 | D:4      | Reached XP level 6. HP: 17/56 MP: 5/5
  3756 | D:4      | Reached skill level 5 in Dodging
  4316 | D:5      | Entered Level 5 of the Dungeon
  4320 | D:5      | Noticed an ice beast
  4323 | D:5      | Reached XP level 7. HP: 51/61 MP: 6/6
  4555 | D:5      | Found a shimmering altar of Xom.
  4618 | D:5      | Noticed a troll
  4658 | D:4      | Slain by a troll

Skill      XL: |  1  2  3  4  5  6 |
---------------+-------------------+-----
Maces & Flails | 4 5 |  5.9
Fighting       | 4 5 |  5.9
Stealth        | 2 3 |  3.2
Dodging        | 4 5 |  5.4
Armour         | 1 2 |  2.6

Action                   |  1- 3 |  4- 6 |  7- 9 || total
-------------------------+-------+-------+-------++-------
Melee: Mace              |   112 |   122 |    21 ||   255
       Headbutt          |    15 |    32 |     9 ||    56
 Fire: Blowgun           |       |     5 |       ||     5
  Use: Scroll            |     4 |     2 |       ||     6
       Potion            |       |       |     2 ||     2
 Stab: Sleeping          |     5 |     6 |       ||    11
  Eat: Chunk             |     3 |     8 |       ||    11
Armor: Robe              |    13 |       |       ||    13
       Ring mail         |    11 |       |       ||    11
       Leather armour    |     1 |    21 |     3 ||    25
Dodge: Dodged            |    78 |   105 |    30 ||   213
